 Dungeon Crawl Stone Soup version 0.31-a0-222-gefeffbb62a (webtiles) character file.

Game seed: 7456489399171026844

2091 coffeetime the Protected (level 9, -5/120 HPs)
             Began as an Armataur Fighter on July 5, 2023.
             Was an Initiate of Gozag.
             Killed from afar by an acid dragon (17 damage)
             ... with a splash of acid
             ... on level 7 of the Dungeon.
             The game lasted 00:16:29 (5439 turns).

coffeetime the Protected (Armataur Fighter)         Turns: 5439, Time: 00:16:31

Health: -5/120     AC: 16    Str: 24    XL:     9   Next: 6%
Magic:  9/9        EV:  1    Int:  8    God:    Gozag
Gold:   376        SH:  5    Dex: 12    Spells: 8/8 levels left

rFire   . . .        A - +8 dagger of the Quick God {pain, rPois}
rCold   . . .        c - +0 buckler
rNeg    . . .        b - melded +0 scale mail
rPois   +            r - melded +1 helmet
rElec   .            (cloak currently unavailable)
rCorr   .            (gloves currently unavailable)
SInv    +            (no barding)
Will    .....        (no amulet)
Stlth   ++           m - ring of see invisible
HPRegen 0.40/turn    (no ring)
MPRegen 0.11/turn

%: roll
@: tree-form, corroded
A: stationary, stasis, torment immunity, boosted hp, large, rugged brown scales
3, (deformed body), (armoured tail), roll, long tongue, awkward tongue
a: Renounce Religion, Potion Petition, Call Merchant, Bribe Branch


You were on level 7 of the Dungeon.
You worshipped Gozag.
Gozag was aware of your devotion.
You were a tree.
You visited 1 branch of the dungeon, and saw 7 of its levels.

You collected 456 gold pieces.
You paid 80 gold pieces to Gozag.

Inventory:

Hand Weapons
 d - a +1 long sword of holy wrath
 j - a +1 mace of holy wrath
 A - the +8 dagger of the Quick God (weapon) {pain, rPois}
   (You found it on level 4 of the Dungeon)

   rPois:     It protects you from poison.
Missiles
 e - 3 atropa-tipped darts
 k - 59 stones
 l - 7 javelins
 y - 3 boomerangs (quivered)
Armour
 b - a +0 scale mail (melded)
 c - a +0 buckler (worn)
 r - a +1 helmet (melded)
 H - a +0 ring mail of fire resistance
Jewellery
 m - a ring of see invisible (left branch)
 v - a ring of magical power
Wands
 E - a wand of roots (11)
 I - a wand of digging (6)
 M - a wand of polymorph (12)
Scrolls
 f - a scroll of teleportation
 g - 4 scrolls of identify
 h - a scroll of blinking {unknown}
 o - 2 scrolls of vulnerability {unknown}
 p - 2 scrolls of poison {unknown}
 q - 2 scrolls of fog {unknown}
 s - a scroll of revelation {unknown}
 u - a scroll of enchant armour {unknown}
 C - a scroll of noise {unknown}
 D - a scroll of brand weapon {unknown}
 F - a scroll of immolation {unknown}
 G - 3 scrolls of fear {unknown}
 N - a scroll of enchant weapon {unknown}
Potions
 i - a potion of berserk rage {unknown}
 n - 3 potions of heal wounds {unknown}
 t - 2 potions of lignification
 w - a potion of invisibility {unknown}
 x - 3 potions of curing {unknown}
 z - 2 potions of enlightenment {unknown}
 B - a potion of attraction {unknown}
 K - a potion of haste {unknown}
 L - a potion of mutation {unknown}


   Skills:
 + Level 5.8 Fighting
 - Level 3.9 Maces & Flails
 * Level 4.3 Throwing
 + Level 8.3 Armour
 * Level 2.7 Stealth
 - Level 6.2 Shields


You had 8 spell levels left.
You didn't know any spells.
Your spell library contained the following spells:

 Spells                   Type           Power      Damage    Failure   Level
 Dazzling Flash           Conj/Hex       0%         N/A       83%         3
 Frozen Ramparts          Ice            0%         1d1       83%         3
 Ice Form                 Ice/Tmut       0%         N/A       99%         4
 Summon Ice Beast         Ice/Summ       0%         N/A       99%         4
 Agony                    Necr           0%         N/A       100%        5
 Silence                  Hex/Air        0%         N/A       100%        5
 Storm Form               Tmut/Air       0%         N/A       100%        7
 Maxwell's Capacitive Co  Air            0%         ∞         100%        8


Dungeon Overview and Level Annotations

Branches:
Dungeon (7/15)
 Temple: D:4-7

Altars:
Ashenzari
Gozag
Nemelex Xobeh

Annotations:
D:5 Eustachio
D:6 Sigmund


Innate Abilities, Weirdness & Mutations

You are a tree.
Your roots penetrate the ground, keeping you stationary.
You cannot be teleported.
You are immune to unholy pain and torment.
Your maximum health is greatly increased.
Your equipment is partially melded.
(You are completely covered in rugged brown scales. (AC +3, +7% HP))
((Armour fits poorly on your strangely shaped body.))
((You have a long armoured tail.))
You roll when moving toward enemies. (Rampage)
Your long tongue fully drains potion bottles. (2x potion effects)
Your tongue gives you trouble enunciating. (1.5x scroll delay)


Message History

The acid dragon bites you. The acid dragon barely misses you.
You closely miss the acid dragon.
The acid dragon is severely wounded.
The acid dragon bites you! The acid dragon claws you.
You hit the acid dragon.
Your tail-slap misses the acid dragon.
The acid dragon is almost dead.
The acid dragon bites you. The acid dragon claws you.
You hit the acid dragon but do no damage.
The acid dragon is almost dead.
The acid dragon misses you. The acid dragon barely misses you.
You closely miss the acid dragon.
The acid dragon is almost dead.
The acid dragon barely misses you.
The acid dragon claws you but does no damage.
You closely miss the acid dragon.
Your tail-slap misses the acid dragon.
The acid dragon is almost dead.
The acid dragon bites you. The acid dragon barely misses you.
You hit the acid dragon but do no damage.
The acid dragon is almost dead.
The acid dragon bites you.
* * * LOW HITPOINT WARNING * * *
You block the acid dragon's attack.
You hit the acid dragon.
The acid dragon is almost dead.
The acid dragon spits acid at you. The splash of acid hits you!
* * * LOW HITPOINT WARNING * * *
The acid corrodes you!
The orc wizard gestures wildly while chanting.
The orc wizard flickers and vanishes for a moment.
Okay, then.
It was a potion of lignification.
You turn into a tree.
Your +1 helmet melds into your body.
Your +0 scale mail melds into your body.
Your roots penetrate the ground.
You slurp down every last drop of the potion of lignification!
The acid dragon spits acid at you. The splash of acid hits you!
You die...
Your body crumbles into a pile of gold.

##### ##.o.## #.
##..#D.## #.
##..h$#♣.# #.
##...D.##...#
#.##.......#...#
.....o8...##..#
#.........# ..#
#.#.....:## ..#
#..##...## .#
##..##### .# #
#D.).####.


You could see an acid dragon (catching breath) and an orc wizard (invisible).

Vanquished Creatures
  A wyvern (D:7)
  2 water moccasins
  3 sky beasts
  An ice beast (D:5)
  2 black bears
  2 centaurs
  2 phantoms (D:5)
  3 bullfrogs (D:7)
  A scorpion (D:7)
  4 wights (D:7)
  2 hounds
  An orc priest (D:6)
  An iguana (D:5)
  2 orc wizards
  Robin (D:1)
  3 gnolls (D:4)
  12 adders
  A shadow imp (D:7)
  A white imp (D:7)
  2 worms (D:4)
  2 dart slugs (D:4)
  10 orcs
  4 ball pythons
  8 endoplasms
  3 giant cockroaches
  19 goblins
  6 hobgoblins
  5 jackals
  10 kobolds
  4 quokkas
  2 bats
  2 frilled lizards (D:3)
  8 rats
130 creatures vanquished.

Notes
Turn   | Place    | Note
-------+----------+-------------------------------------------
     0 | D:1      | coffeetime the Armataur Fighter began the quest for the
                  | Orb.
     0 | D:1      | Reached XP level 1. HP: 19/19 MP: 1/1
   139 | D:1      | Reached XP level 2. HP: 26/26 MP: 2/2
   759 | D:1      | Found a faded altar of an unknown god.
  1049 | D:2      | Reached XP level 3. HP: 25/33 MP: 3/3
  1561 | D:2      | Reached XP level 4. HP: 37/40 MP: 4/4
  1640 | D:2      | Noticed Robin
  1668 | D:2      | Reached skill level 4 in Armour
  1756 | D:1      | Killed Robin
  1974 | D:3      | Noticed a black bear
  1984 | D:3      | Killed a black bear
  1985 | D:3      | Reached XP level 5. HP: 44/48 MP: 5/5
  2233 | D:3      | Found a sparkling altar of Nemelex Xobeh.
  2374 | D:3      | Reached XP level 6. HP: 20/55 MP: 6/6
  2596 | D:4      | Identified the +8 dagger of the Quick God {pain, rPois}
  2844 | D:4      | Reached skill level 1 in Throwing
  2844 | D:4      | Reached skill level 5 in Armour
  3421 | D:5      | Entered Level 5 of the Dungeon
  3433 | D:5      | Reached XP level 7. HP: 63/63 MP: 7/7
  3448 | D:5      | Reached skill level 5 in Shields
  3772 | D:5      | Reached skill level 6 in Armour
  3906 | D:5      | Noticed Eustachio
  4091 | D:6      | Found an opulent altar of Gozag.
  4112 | D:6      | Reached XP level 8. HP: 56/71 MP: 8/8
  4166 | D:6      | Became a worshipper of Gozag Ym Sagoz the Greedy
  4171 | D:6      | Found a broken altar of Ashenzari.
  4316 | D:6      | Noticed Sigmund
  4387 | D:7      | Reached skill level 5 in Fighting
  4501 | D:7      | Reached skill level 7 in Armour
  4879 | D:7      | Reached skill level 1 in Stealth
  5105 | D:7      | HP: 3/73 [wyvern (3)]
  5107 | D:7      | Reached skill level 8 in Armour
  5352 | D:7      | Reached XP level 9. HP: 64/80 MP: 9/9
  5439 | D:7      | Killed from afar by an acid dragon

Illustrated notes

Levels and vault maps discovered:
D:1:      ebering_trefoil_twist, layout_loops_cross,
          hellmonk_ecumenical_altar_leap_of_faith, serial_forest,
          infiniplex_forest_straight_2, infiniplex_forest_end_2,
          infiniplex_forest_end_2, infiniplex_forest_straight_2,
          infiniplex_forest_end_2, infiniplex_forest_clump_C
D:2:      layout_loops_cross, uniq_robin
D:3:      layout_rooms, nemelex_dance_club_becter, minmay_quadrilaterals
D:4:      layout_basic
D:5:      layout_cave_pools, nicolae_elevator_lobby_asterisk, uniq_eustachio
D:6:      layout_rooms, ashenzari_conservatory_becter,
          mainiacjoe_overflow_paths, minmay_temple_entry_arrows,
          gammafunk_ghost_nasty_kobolds, uniq_sigmund, uniq_menkaure
D:7:      layout_loops_ring, kennysheep_path_1, minmay_manual_moon

Skill      XL: |  1  2  3  4  5  6  7  8 |
---------------+-------------------------+-----
Maces & Flails | 2 3 |  3.9
Fighting       | 3 4 5 |  5.8
Shields        | 4 5 6 |  6.2
Armour         | 4 5 6 8 |  8.3
Throwing       | 1 2 4 |  4.3
Stealth        | 2 |  2.7

Action                     |  1- 3 |  4- 6 |  7- 9 || total
---------------------------+-------+-------+-------++-------
  Melee: Flail             |    74 |       |       ||    74
         Tailslap          |    12 |    11 |    24 ||    47
         Mace              |    31 |   109 |     6 ||   146
         Dagger            |       |    53 |   152 ||   205
         Long sword        |       |       |    13 ||    13
  Throw: Boomerang         |       |       |     5 ||     5
         Stone             |       |       |     1 ||     1
    Use: Potion            |       |     1 |     2 ||     3
         Scroll            |       |       |     2 ||     2
 Armour: Scale mail        |    51 |    93 |    81 ||   225
  Dodge: Dodged            |    30 |    73 |    56 ||   159
  Block: Buckler           |    16 |    49 |    46 ||   111

Table legend: (Time is in decaauts)
 A = Elapsed time spent in this place.
 B = Non-inter-level travel time spent in this place.
 C = Inter-level travel time spent in this place.
 D = Time resting spent in this place.
 E = Time spent auto-exploring this place.
 F = Levels seen in this place.
 G = Mean time per level.
                   A        B        C        D        E       F      G
               +--------+--------+--------+--------+--------+-----+--------+
         Total |   5514 |   5322 |    192 |   1036 |   3035 |   7 |  787.7 |
       Dungeon |   5514 |   5322 |    192 |   1036 |   3035 |   7 |  787.7 |
               +--------+--------+--------+--------+--------+-----+--------+

Top non-repeatable levels by time:
     D:7: 1096 daAuts
     D:1: 1001 daAuts
     D:4: 918 daAuts
     D:2: 862 daAuts
     D:3: 703 daAuts
     D:5: 603 daAuts
     D:6: 329 daAuts
